 Dungeon Crawl Stone Soup version 0.31-a0-18-gea43df2a32 (webtiles) character file.

Game seed: 16354362675402626330

54 funkygono the Trooper (level 3, -1/33 HPs)
             Began as a Minotaur Fighter on May 10, 2023.
             Succumbed to a goblin's poison
             ... on level 2 of the Dungeon.
             The game lasted 00:01:29 (1251 turns).

funkygono the Trooper (Minotaur Fighter)            Turns: 1251, Time: 00:01:30

Health: -1/33      AC:  7    Str: 22    XL:     3   Next: 66%
Magic:  2/2        EV:  9    Int:  5    God:
Gold:   69         SH:  4    Dex:  9    Spells: 2/2 levels left

rFire   . . .        a - +0 war axe
rCold   . . .        c - +0 buckler
rNeg    . . .        b - +0 scale mail
rPois   .            (helmet restricted)
rElec   .            (no cloak)
rCorr   .            (no gloves)
SInv    .            (no boots)
Will    .....        (no amulet) Stlth
                     (no ring)
HPRegen 0.25/turn    (no ring)
MPRegen 0.08/turn

%: no passive effects
@: lethally poisoned (-1 -> -13)
A: horns 2, retaliatory headbutt
a: no special abilities


You were on level 2 of the Dungeon.
You visited 1 branch of the dungeon, and saw 2 of its levels.

You collected 69 gold pieces.

Inventory:

Hand Weapons
 a - a +0 war axe (weapon)
Armour
 b - a +0 scale mail (worn)
 c - a +0 buckler (worn)
Jewellery
 l - a +6 ring of intelligence
Scrolls
 e - 2 scrolls of enchant weapon {unknown}
 f - 2 scrolls of identify {unknown}
 i - a scroll of fear {unknown}
 j - a scroll of noise {unknown}
 k - 2 scrolls of fog {unknown}
 m - a scroll of magic mapping {unknown}
Potions
 d - 2 potions of might
 g - 2 potions of curing {unknown}
 h - a potion of cancellation {unknown}


   Skills:
 + Level 4.3 Fighting
 + Level 3.1 Axes
 + Level 4.2 Armour
 + Level 0.3 Dodging
 + Level 4.1 Shields


You had 2 spell levels left.
You didn't know any spells.
Your spell library was empty.

Dungeon Overview and Level Annotations

Branches:
Dungeon (2/15)

Altars:


Innate Abilities, Weirdness & Mutations

You have a pair of horns on your head.
You reflexively headbutt those who attack you in melee.


Message History

You see here 4 stones.
An endoplasm comes into view.
Found a stone staircase leading down.
You hit the endoplasm.
The endoplasm is lightly wounded.
The endoplasm hits you. The endoplasm freezes you.
You are frozen.
You hit the endoplasm.
The endoplasm is severely wounded.
The endoplasm freezes you.
You are frozen.
You slash the endoplasm!
You kill the endoplasm!
There is a stone staircase leading down here.
Found a quarterstaff.
A goblin comes into view. It is wielding a +1 dagger of venom.
The goblin shouts!
The goblin hits you but does no damage.
You are poisoned.
You hit the goblin but do no damage. Your headbutt misses the goblin.
You feel very sick. The goblin hits you but does no damage.
You are more poisoned.
The goblin hits you with a +1 dagger of venom.
You are lethally poisoned!
You closely miss the goblin.
You feel extremely sick. The goblin hits you but does no damage.
You are more poisoned.
You miss the goblin. You headbutt the goblin.
You kill the goblin!
You feel extremely sick.
* * * LOW HITPOINT WARNING * * *
You feel very sick.
Things that are here:
a +1 dagger of venom; a +0 quarterstaff; a goblin corpse
* * * LOW HITPOINT WARNING * * *
You feel very sick.
You die...

#......###### #.##.#.#
###.#### #......# #.#
#### ####.### #.# #..
# #.# #.# #.# .# #.#
## #>###.# ##.#####.#
#. #.....#
.........####.
#####.##.#.######...#.
#@.).# #..... #......#
#...#. ######## ##.##.
#.### #.# ##.##
###...## #..###.. #..#
#..


There were no monsters in sight!

Vanquished Creatures
  An adder (D:2)
  3 endoplasms
  4 giant cockroaches
  2 goblins
  5 hobgoblins
  5 jackals (D:1)
  7 ball pythons
  3 bats (D:2)
  A frilled lizard (D:1)
  7 kobolds
  2 rats (D:1)
40 creatures vanquished.

Notes
Turn   | Place    | Note
-------+----------+-------------------------------------------
     0 | D:1      | funkygono the Minotaur Fighter began the quest for the Orb.
     0 | D:1      | Reached XP level 1. HP: 19/19 MP: 0/0
   188 | D:1      | Reached XP level 2. HP: 27/27 MP: 1/1
   639 | D:1      | Reached XP level 3. HP: 33/33 MP: 2/2
  1251 | D:2      | Succumbed to a goblin's poison

Illustrated notes

Levels and vault maps discovered:
D:1:      erik_arrival_triangle_large, layout_loops_ring,
          minmay_misc_feat_rugged
D:2:      layout_loops_cross

Skill      XL: |  1  2  3 |
---------------+----------+-----
Armour         | 4 |  4.2
Shields        | 4 |  4.1
Fighting       | 4 |  4.3
Axes           | 3 |  3.1
Dodging        | |  0.3

Action                     || total
---------------------------++-------
  Melee: War axe           ||    71
         Headbutt          ||    11
 Armour: Scale mail        ||    30
  Dodge: Dodged            ||    32
  Block: Buckler           ||    18

Table legend: (Time is in decaauts)
 A = Elapsed time spent in this place.
 B = Non-inter-level travel time spent in this place.
 C = Inter-level travel time spent in this place.
 D = Time resting spent in this place.
 E = Time spent auto-exploring this place.
 F = Levels seen in this place.
 G = Mean time per level.
                   A        B        C        D        E       F      G
               +--------+--------+--------+--------+--------+-----+--------+
         Total |   1278 |   1230 |     48 |      0 |    981 |   2 |  639.0 |
       Dungeon |   1278 |   1230 |     48 |      0 |    981 |   2 |  639.0 |
               +--------+--------+--------+--------+--------+-----+--------+

Top non-repeatable levels by time:
     D:1: 735 daAuts
     D:2: 543 daAuts
